 Dungeon Crawl Stone Soup version 0.31-a0-795-g5eb97db20b (webtiles) character file.

Game seed: 11648439591275086006

14 demibob the Poker (level 2, -2/24 HPs)
             Began as a Merfolk Chaos Knight on Sept 18, 2023.
             Was a Plaything of Xom.
             Succumbed to a goblin's poison
             ... on level 1 of the Dungeon.
             The game lasted 00:00:20 (164 turns).

demibob the Poker (Merfolk Chaos Knight)             Turns: 164, Time: 00:00:21

Health: -2/24      AC:  5    Str: 12    XL:     2   Next: 41%
Magic:  2/2        EV: 12    Int: 11    God:    Xom [..*...]
Gold:   13         SH:  0    Dex: 13    Spells: 1/1 levels left

rFire   + . .        a - +0 spear (chaos)
rCold   + . .        (no shield)
rNeg    . . .        b - +2 leather armour
rPois   +            (no helmet)
rElec   +            (no cloak)
rCorr   +            (no gloves)
SInv    .            (no boots)
Will    .....        (no amulet)
Stlth   +            (no ring)
HPRegen 0.24/turn    (no ring)
MPRegen 0.08/turn

%: no passive effects
@: lethally poisoned (-2 -> -23), resistant
A: (nimble swimmer 2), mertail
a: Renounce Religion


You were on level 1 of the Dungeon.
You worshipped Xom.
You were a toy of Xom.
You visited 1 branch of the dungeon, and saw 1 of its levels.

You collected 13 gold pieces.


Innate Abilities, Weirdness & Mutations

((You are very nimble when in or above water. (Stealth+, EV+, Speed+++)))
Your lower body shifts to a powerful aquatic tail in water.


   Skills:
 - Level 3.2 Fighting
 + Level 4.5 Polearms
 - Level 0.6 Armour
 + Level 3.4 Dodging


You had one spell level left.
You didn't know any spells.
Your spell library was empty.

Inventory:

Hand Weapons
 a - a +0 spear of chaos (weapon)
Armour
 b - a +2 leather armour (worn)
Scrolls
 c - a scroll of butterflies

Dungeon Overview and Level Annotations

Branches:
Dungeon (1/15)

Altars:

#########
..#....## )......#
..#.....#
#.#.....#
##.#...).#
.......@.#
###.####.#
#######.####.###.#
................>#
.........(##.#####
#.#.#.#.####.# # #
#.####.##.# .#
#.........#
...####.#.#..##


There were no monsters in sight!


Message History

A goblin is nearby!
A goblin is nearby!
A goblin is nearby!
Found a long sword.
You reach to attack!
You closely miss the goblin. You barely miss the goblin.
The goblin hits you with a +2 dagger of venom.
You are poisoned.
You hit the goblin.
The goblin suddenly seems more resistant.
The goblin is severely wounded.
You feel very sick.
The goblin hits you with a +2 dagger of venom.
You are lethally poisoned!
You closely miss the goblin.
The goblin is severely wounded.
You feel very sick.
The goblin hits you with a +2 dagger of venom.
* * * LOW HITPOINT WARNING * * *
You are more poisoned.
You are too injured to fight recklessly!
Unknown command.
You puncture the goblin!
You kill the goblin!
* * * LOW HITPOINT WARNING * * *
You feel very sick.
It was a potion of resistance.
You feel protected.
You die...
Xom giggles madly!

Skill      XL: |  1 |
---------------+----+-----
Dodging        | 3 |  3.4
Fighting       | |  3.2
Polearms       | |  4.5
Armour         | |  0.6

Action                     || total
---------------------------++-------
  Melee: Spear             ||    23
    Use: Potion            ||     1
 Armour: Leather armour    ||     8
  Dodge: Dodged            ||     8

Levels and vault maps discovered:
D:1:      minmay_arrival_shattered_statue, layout_basic

Notes
Turn   | Place    | Note
-------+----------+-------------------------------------------
     0 | D:1      | demibob the Merfolk Chaos Knight began the quest for the
                  | Orb.
     0 | D:1      | Reached XP level 1. HP: 18/18 MP: 1/1
   110 | D:1      | Reached skill level 3 in Dodging
   110 | D:1      | Reached XP level 2. HP: 20/24 MP: 2/2
   138 | D:1      | XOM: silly message
   164 | D:1      | Identified a potion of resistance
   164 | D:1      | Succumbed to a goblin's poison

Vanquished Creatures
  A gnoll (D:1)
  2 hobgoblins (D:1)
  A frilled lizard (D:1)
  A goblin (D:1)
5 creatures vanquished.

Table legend: (Time is in decaauts)
 A = Elapsed time spent in this place.
 B = Non-inter-level travel time spent in this place.
 C = Inter-level travel time spent in this place.
 D = Time resting spent in this place.
 E = Time spent auto-exploring this place.
 F = Levels seen in this place.
 G = Mean time per level.
                   A        B        C        D        E       F      G
               +--------+--------+--------+--------+--------+-----+--------+
         Total |    161 |    161 |      0 |      0 |    121 |   1 |  161.0 |
       Dungeon |    161 |    161 |      0 |      0 |    121 |   1 |  161.0 |
               +--------+--------+--------+--------+--------+-----+--------+

Top non-repeatable levels by time:
     D:1: 161 daAuts

Table legend:
 A = Non-vault XP
 B = Vault XP
 C = Vault XP percentage of total XP
 D = Non-vault monster count
 E = Vault monster count
 F = Vault count percentage of total count
                 A         B        C        D         E       F
            +---------+---------+-------+---------+---------+-------
      Total |      20 |       0 |   0.0 |       5 |       0 |   0.0
            +---------+---------+-------+---------+---------+-------
        D:1 |      20 |       0 |   0.0 |       5 |       0 |   0.0
            +---------+---------+-------+---------+---------+-------
